AoeStats
← Philip Morris

Arabian Desert

510079314Analyzed
1v1 RM · 3d ago on Sep 29, 2026· 35m 55s· 2 players
Game mode
Random Map
Map size
Tiny (2 player)
Population
200
Speed
Normal
Resources
Standard
Victory
Conquest
Starting age
Dark Age
Ending age
Imperial Age
RankedLock teamsTeams togetherTeam positionsShared explorationLock speedFull tech treeHidden civsTurbo modeCheats
Victory
Defeat
🇦🇷 Goths · Argentina
1188
+17
🇧🇷 Inca · Brazil
1204
-17
Philip Morris
0:27 Loom
11:11 Feudal Age
11:46 Double-Bit Axe
11:30 Man-at-Arms
26:10 Castle Age
24:30 Fletching
26:08 Scale Mail Armor
26:18 Forging
26:16 Long Swordsman
27:19 Elite Skirmisher
29:20 Bow Saw
29:15 Crossbowman
31:11 Chain Mail Armor
32:39 Bodkin Arrow
35:02 Squires
eickhoff.luizfelipe
7:09 Loom
9:25 Feudal Age
9:57 Double-Bit Axe
17:19 Champi Runner
23:26 Fletching
27:15 Horse Collar
28:38 Forging
32:52 Castle Age
31:43 Gold Mining
31:52 Stone Mining
34:12 Bodkin Arrow
Connection lost

Rejoining the realm…

Still unreachable

The connection could not be restored.

Session expired

The server has moved on; the page needs a fresh start.